 Dungeon Crawl Stone Soup version 0.31-a0-833-gc15d34cb79 (webtiles) character file.

Game seed: 13373936216341779504

11 Bravepunisher the Ducker (level 2, 16/16 HPs)
             Began as a Spriggan Monk on Sept 25, 2023.
             Quit the game in the Ecumenical Temple.
             The game lasted 00:04:20 (992 turns).

Bravepunisher the Ducker (Spriggan Monk)             Turns: 992, Time: 00:04:21

Health: 16/16      AC:  2    Str:  7    XL:     2   Next: 17%
Magic:  3/3        EV: 19    Int: 11    God:
Gold:   23         SH:  0    Dex: 17    Spells: 1/1 levels left

rFire   . . .        a - +0 short sword
rCold   . . .        (no shield)
rNeg    . . .        b - +0 robe
rPois   .            (helmet restricted)
rElec   .            (no cloak)
rCorr   .            (gloves unavailable)
SInv    +            (boots unavailable)
Will    .....        (no amulet)
Stlth   ++           (no ring)
HPRegen 0.22/turn    (no ring)
MPRegen 0.08/turn

%: no passive effects
@: very quick
A: very small, no large weapons, unfitting armour, see invisible, speed 3
a: no special abilities


You were in the Ecumenical Temple.
You visited 2 branches of the dungeon, and saw 8 of its levels.

You collected 23 gold pieces.

Inventory:

Hand Weapons
 a - a +0 short sword (weapon)
Armour
 b - a +0 robe (worn)
Wands
 i - a wand of polymorph (3)
 j - a wand of light (11)
Scrolls
 d - a scroll of poison {unknown}
 e - 3 scrolls of identify {unknown}
 f - 2 scrolls of brand weapon {unknown}
 g - 2 scrolls of teleportation {unknown}
 m - a scroll of blinking {unknown}
 n - a scroll of immolation {unknown}
Potions
 c - a potion of ambrosia
 h - a potion of attraction {unknown}
 k - a potion of haste {unknown}
 l - a potion of curing {unknown}


   Skills:
 * Level 2.8 Fighting
 - Level 3.2 Short Blades
 + Level 4.3 Dodging


You had one spell level left.
You didn't know any spells.
Your spell library was empty.

Dungeon Overview and Level Annotations

Branches:
Dungeon (7/15)             Temple (1/1) D:5

Altars:
Elyvilon
Fedhas
Gozag
Hepliaklqana
Kikubaaqudgha
Nemelex Xobeh
Okawaru
Qazlal
Sif Muna
Trog
Uskayaw
Vehumet
Wu Jian
Yredelemnul
Zin

Annotations:
D:5 Pikel


Innate Abilities, Weirdness & Mutations

You are very small and have problems with some larger weapons.
You are too small for most types of armour.
You have supernaturally acute eyesight. (SInv)
You cover ground extremely quickly. (Speed+++)


Message History

An orc comes into view. It is wielding a +0 club.
There is a stone staircase leading up here.
You climb upwards.
Level annotation: Pikel The shadow imp shouts!
The orc priest shouts!
The orc shouts!
The white imp shouts, "Away with thee, thou churlish onion-eyed codpiece!"
The orc shouts! x2
The white imp hits you but does no damage.
The orc shouts!
There is a stone staircase leading down here.
A scorpion comes into view.
The white imp misses you. The shadow imp barely misses you.
Found a manual of Throwing.
The shadow imp hits you.
An ogre and a scorpion come into view.
Found an orange potion, 8 stones and a dagger.
The ogre shouts!
The white imp gestures at you. The puff of frost misses you.
Found a fizzy puce potion.
Found a ring mail.
Found a stone staircase leading down.
A hound comes into view.
The hound barks! x2
The hound bites you. The hound attacks as it pursues you!
The hound barely misses you. The hound attacks as it pursues you!
The hound bites you.
Found 9 gold pieces.
You see here 9 gold pieces.
Found a staircase to the Ecumenical Temple.
You enter the shallow water.
Moving in this stuff is going to be slow.
Found a glowing red potion.
There is a staircase to the Ecumenical Temple here.
You climb downwards.
Welcome to the Ecumenical Temple!
Found fifteen altars.
Found a staircase back to the Dungeon.
There is a staircase back to the Dungeon here.
Unknown command.
Unknown command.
Are you sure you want to abandon this character and quit the game? (Confirm with "yes".)

#################
#..○.○.○☼☼○.○.☼.#
#☼☼○○○○○☼○☼○○○○.#
#○○○○○☼○.○○○○○○○#
#○○._._._._._○○.#
#○.○.........○○☼#
#☼○○_......._○○○#
#○○○.........○☼○#
#.○._...@..._○○.#
#○○☼.........☼.○#
#○○○_........○☼○#
#○○○.........○○○#
#○○._._._._._○○.#
#○.○○○○.○.○.☼○○○#
#○○.○○○○☼○○○○○○○#
#○○○○○.○○○○○○○☼○#
#################


There were no monsters in sight!

Vanquished Creatures
  A dart slug (D:2)
  2 orcs (D:6)
  A giant cockroach (D:1)
  A goblin (D:4)
  A quokka (D:2)
  A ball python (D:4)
7 creatures vanquished.

Notes
Turn   | Place    | Note
-------+----------+-------------------------------------------
     0 | D:1      | Bravepunisher the Spriggan Monk began the quest for the
                  | Orb.
     0 | D:1      | Reached XP level 1. HP: 11/11 MP: 2/2
   119 | D:1      | Found a faded altar of an unknown god.
   344 | D:5      | Entered Level 5 of the Dungeon
   357 | D:5      | Noticed a hound
   466 | D:5      | Noticed a centaur
   504 | D:4      | Identified the orb "Uhikur" {light, rN++}
   589 | D:5      | Noticed a lemure
   655 | D:5      | Noticed a lemure
   657 | D:5      | Noticed a lemure
   657 | D:5      | Noticed a lemure
   658 | D:5      | Noticed Pikel
   658 | D:5      | Noticed a scorpion
   663 | D:5      | Noticed a phantom
   780 | D:6      | Reached XP level 2. HP: 16/16 MP: 3/3
   796 | D:6      | Noticed a water moccasin
   806 | D:6      | Noticed an ice beast
   831 | D:7      | Noticed a black bear
   924 | D:6      | Noticed a bullfrog
   927 | D:5      | Noticed a scorpion
   931 | D:5      | Noticed an ogre
   931 | D:5      | Noticed a scorpion
   982 | D:5      | Found a staircase to the Ecumenical Temple.
   991 | Temple   | Entered the Ecumenical Temple
   992 | Temple   | Quit the game

Illustrated notes

Levels and vault maps discovered:
D:1:      lightli_arrival_quake, layout_basic,
          dreamdust_ecumenical_altar_angels_and_demons
D:2:      layout_loops_ring, uniq_robin
D:3:      kb_forest_paths, layout_loops_corners, mainiacjoe_overflow_brackets,
          cheibrodos_gnoll_hut, uniq_terence
D:4:      layout_basic, cheibrodos_ashenzari_chains,
          chequers_serial_rivers_small_b, nicolae_letterblocks
          [nicolae_letter_subblock, nicolae_letter_subblock,
          nicolae_letter_subblock, nicolae_letter_subblock,
          nicolae_letter_subblock, nicolae_letter_subblock,
          nicolae_letter_subblock, nicolae_letter_subblock,
          nicolae_letter_subblock, nicolae_letter_subblock,
          nicolae_letter_subblock, nicolae_letter_subblock,
          nicolae_letter_subblock, nicolae_letter_subblock,
          nicolae_letter_subblock, nicolae_letter_subblock,
          nicolae_letter_subblock, nicolae_letter_subblock,
          nicolae_letter_subblock, nicolae_letter_subblock,
          nicolae_letter_subblock, nicolae_letter_subblock,
          nicolae_letter_subblock, nicolae_letter_subblock,
          nicolae_letter_subblock]
D:5:      minmay_thinvault, layout_layer_cave, minmay_temple_entry_mist,
          st_stairs_9, uniq_pikel
D:6:      layout_cave_pools
D:7:      gammafunk_steamed_eel, layout_loops_ring,
          grunt_temple_overflow_champion_of_chaos, kennysheep_generic_room_9
Temple:   minmay_freezing_vapour_temple

Action                     || total
---------------------------++-------
  Melee: Short sword       ||    20
   Stab: Sleeping          ||     3
 Armour: Robe              ||     6
  Dodge: Dodged            ||    27

Table legend: (Time is in decaauts)
 A = Elapsed time spent in this place.
 B = Non-inter-level travel time spent in this place.
 C = Inter-level travel time spent in this place.
 D = Time resting spent in this place.
 E = Time spent auto-exploring this place.
 F = Levels seen in this place.
 G = Mean time per level.
                   A        B        C        D        E       F      G
               +--------+--------+--------+--------+--------+-----+--------+
         Total |    623 |    623 |      0 |      0 |    252 |   8 |   77.9 |
       Dungeon |    622 |    622 |      0 |      0 |    252 |   7 |   88.9 |
        Temple |      0 |      0 |      0 |      0 |      0 |   1 |    0.0 |
               +--------+--------+--------+--------+--------+-----+--------+

Top non-repeatable levels by time:
     D:4: 175 daAuts
     D:5: 123 daAuts
     D:6: 101 daAuts
     D:1: 95 daAuts
     D:2: 62 daAuts
     D:7: 58 daAuts
     D:3: 5 daAuts
  Temple: 0 daAuts
